 Dungeon Crawl Stone Soup version 0.30-a0-591-g3c58d2bc28 (webtiles) character file.

Game seed: 2251791112713948341

75 rogsnak the Firebug (level 4, -5/30 HPs)
             Began as a Demonspawn Fire Elementalist on Jan 6, 2023.
             Slain by Crazy Yiuf
             ... wielding a +4 quarterstaff of chaos
              (18 damage)
             ... on level 2 of the Dungeon.
             The game lasted 00:04:33 (2298 turns).

rogsnak the Firebug (Demonspawn Fire Elementalist)  Turns: 2298, Time: 00:04:34

Health: -5/30      AC:  2    Str:  9    XL:     4   Next: 11%
Magic:  4/8        EV: 12    Int: 18    God:
Gold:   89         SH:  0    Dex: 13    Spells: 7/8 levels left

rFire   . . .      SeeInvis .    f - +0 rapier
rCold   . . .      Faith    .    (no shield)
rNeg    . . .      Spirit   .    a - +0 robe
rPois   .          Reflect  .    (no helmet)
rElec   .          Harm     .    (no cloak)
rCorr   .          Rampage  .    (no gloves)
Will    .....                    (no boots)
Stlth   ++                       (no amulet)
HPRegen 0.25/turn                (no ring)
MPRegen 0.11/turn                (no ring)

@: no status effects
A: powered by pain 1
a: no special abilities


You were on level 2 of the Dungeon.
You visited 1 branch of the dungeon, and saw 2 of its levels.

You collected 89 gold pieces.

Inventory:

Hand Weapons
 e - a +0 club
 f - a +0 rapier (weapon)
Missiles
 h - 2 poisoned darts
Armour
 a - a +0 robe (worn)
Scrolls
 j - a scroll of identify {unknown}
 k - a scroll of immolation {unknown}
Potions
 b - a potion of magic
 c - 2 potions of lignification {unknown}
 d - a potion of degeneration {unknown}
 g - a potion of berserk rage {unknown}
 i - 2 potions of curing {unknown}
 l - a potion of cancellation {unknown}


   Skills:
 + Level 2.0 Dodging
 - Level 2.0 Stealth
 + Level 2.8 Spellcasting
 * Level 2.0 Conjurations
 + Level 3.4 Fire Magic


You had 7 spell levels left.
You knew the following spells:

 Your Spells              Type           Power      Damage    Failure   Level
a - Foxfire               Conj/Fire      48%        2x1d6     5%          1

Your spell library contained the following spells:

 Spells                   Type           Power      Damage    Failure   Level
 Scorch                   Fire           28%        2d6       6%          2
 Ensorcelled Hibernation  Hex/Ice        4%         N/A       26%         2
 Passwall                 Tmut/Erth      1%         N/A       26%         2
 Inner Flame              Hex/Fire       8%         N/A       26%         3
 Kindle Blastsparks       Fire/Tloc/Air  12%        2d11      30%         3
 Swiftness                Air            2%         N/A       45%         3
 Flame Wave               Conj/Fire      12%        2d6       47%         4
 Fulminant Prism          Conj/Hex       3%         3d5       73%         4
 Iskenderun's Mystic Bla  Conj/Tloc      6%         2d4       73%         4
 Lee's Rapid Deconstruct  Erth           1%         3d4*      99%         5


Dungeon Overview and Level Annotations

Branches:
Dungeon (2/15)

Altars:

Annotations:
D:2 Crazy Yiuf


Innate Abilities, Weirdness & Mutations

You sometimes gain a little power by taking damage.


Message History

Your foxfire dissipates!
You open the door.
You now have 89 gold pieces (gained 2).
You open the door.
There is an open door here.
You see here a +0 dagger.
You open the door.
Press: ? - help, v - describe, . - travel
Here: Crazy Yiuf, wielding a +4 quarterstaff of chaos and wearing a +1 cloak The floor.
Casting: Foxfire (safe; 5% risk of failure)
Confirm with . or Enter, or press ? or * to list all spells.
You conjure some foxfire!
Crazy Yiuf grits, "Shower!"
The foxfire hits Crazy Yiuf but does no damage.
Unknown command.
Casting: Foxfire (safe; 5% risk of failure)
Confirm with . or Enter, or press ? or * to list all spells.
You conjure some foxfire!
The foxfire hits Crazy Yiuf but does no damage.
Unknown command.
Casting: Foxfire (safe; 5% risk of failure)
Confirm with . or Enter, or press ? or * to list all spells.
You conjure some foxfire!
The foxfire hits Crazy Yiuf.
Crazy Yiuf is lightly wounded.
The foxfire hits Crazy Yiuf but does no damage.
Crazy Yiuf is lightly wounded.
Crazy Yiuf hits you with a +4 quarterstaff of chaos.
You convulse.
Unknown command.
Casting: Foxfire (safe; 5% risk of failure)
Confirm with . or Enter, or press ? or * to list all spells.
You conjure some foxfire!
The foxfire hits Crazy Yiuf.
Crazy Yiuf is lightly wounded.
The foxfire hits Crazy Yiuf but does no damage.
Crazy Yiuf is lightly wounded.
Crazy Yiuf hits you with a +4 quarterstaff of chaos!
You convulse!!
Ouch! That really hurt!
You die...

#.##.# ##..###.#.........
#.##.# ##...#.#.........
#.##.######.#...#.........
#.##.....#################
#.######## #. #........#
#. ########)##♣♣ ### #.
#....v...♣♣ ♣♣#..)# #.
#.##.§@g..♣♣♣♣.'...# ##
#....§.v...♣.g♣#...# #.
#####.....♣.♣♣♣ ### ##
#.##♣♣♣♣♣ #. #.# #. ###
### #. ######.####.
#.........#. #.........##


You could see Crazy Yiuf (ally target).

Vanquished Creatures
  2 adders (D:2)
  2 worms (D:2)
  A dart slug (D:1)
  3 endoplasms
  A giant cockroach (D:1)
  3 goblins
  A hobgoblin (D:1)
  10 jackals
  2 quokkas
  2 ball pythons
  5 bats
  3 frilled lizards (D:1)
  6 kobolds
  8 rats
  A spectral hobgoblin (D:2)
50 creatures vanquished.

Vanquished Creatures (others)
  107 foxfires
107 creatures vanquished.

Grand Total: 157 creatures vanquished

Notes
Turn   | Place    | Note
-------+----------+-------------------------------------------
     0 | D:1      | rogsnak the Demonspawn Fire Elementalist began the quest
                  | for the Orb.
     0 | D:1      | Reached XP level 1. HP: 13/13 MP: 3/3
   143 | D:1      | Reached skill level 3 in Fire Magic
   237 | D:1      | Gained mutation: You sometimes gain a little power by
                  | taking damage. [demonic ancestry]
   237 | D:1      | Reached XP level 2. HP: 17/19 MP: 1/5
   766 | D:1      | Reached XP level 3. HP: 24/24 MP: 4/6
  1294 | D:2      | Found a faded altar of an unknown god.
  1616 | D:2      | Found a runed translucent door.
  1669 | D:2      | Noticed Crazy Yiuf
  1837 | D:2      | Reached XP level 4. HP: 29/30 MP: 4/8
  2298 | D:2      | Slain by Crazy Yiuf

Illustrated notes

Levels and vault maps discovered:
D:1:      minmay_arrival_diagonal_passages, layout_basic
D:2:      layout_basic, dreamdust_ecumenical_altar_drowned_temple,
          uniq_crazy_yiuf_cottage

Skill      XL: |  1  2  3  4 |
---------------+-------------+-----
Fire Magic     | 3 |  3.4
Stealth        | 2 |  2.0
Conjurations   | 2 |  2.0
Dodging        | 2 |  2.0
Spellcasting   | |  2.8

Action                   |  1- 3 |  4- 6 || total
-------------------------+-------+-------++-------
Melee: Rapier            |    31 |     4 ||    35
       Club              |     1 |       ||     1
 Cast: Foxfire           |    57 |    13 ||    70
Armor: Robe              |     9 |     2 ||    11
Dodge: Dodged            |    24 |     3 ||    27

Table legend: (Time is in decaauts)
 A = Elapsed time spent in this place.
 B = Non-inter-level travel time spent in this place.
 C = Inter-level travel time spent in this place.
 D = Time resting spent in this place.
 E = Time spent auto-exploring this place.
 F = Levels seen in this place.
 G = Mean time per level.
                   A        B        C        D        E       F      G
               +--------+--------+--------+--------+--------+-----+--------+
         Total |   2310 |   2296 |     14 |     50 |   1809 |   2 | 1155.0 |
       Dungeon |   2310 |   2296 |     14 |     50 |   1809 |   2 | 1155.0 |
               +--------+--------+--------+--------+--------+-----+--------+

Top non-repeatable levels by time:
     D:1: 1165 daAuts
     D:2: 1145 daAuts
